[Event "HSG Open 2022 B"]
[Site "Hilversum, Netherlands"]
[Date "2022.06.17"]
[Round "2.1"]
[White "Burer, Audry"]
[Black "Ponomarev, Ivan"]
[Result "1/2-1/2"]
[TimeControl "1:50 + 0.10"]
[WhiteFideId "1018086"]
[WhiteElo "1913"]
[BlackElo "1672"]

1. e4 c5 2. Nf3 e6 3. d3 d5 4. Nbd2 Nc6 5. g3 Bd6 6. Bg2 Nf6 7. O-O O-O 8. Re1 dxe4 9. dxe4 e5 10.
c3 h6 11. Qc2 Be6 12. Nf1 Qc7 13. Be3 Rfd8 14. Rad1 Ng4 15. h3 Nxe3 16. Nxe3 Rac8 17. Kh2 b5 18. b3 a5 19. Nd5 Qa7 20.
Bf1 b4 21. c4 Nd4 22. Nxd4 cxd4 23. Qd3 Rf8 24. Rd2 1/2-1/2

[Event "HSG Open 2022 B"]
[Site "Hilversum, Netherlands"]
[Date "2022.06.18"]
[Round "3.1"]
[White "Harten, Bram van"]
[Black "Wastiaux, Roland"]
[Result "1/2-1/2"]
[TimeControl "1:50 + 0.10"]
[WhiteElo "1870"]
[BlackElo "1770"]

1. d4 d5 2. c4 e6 3. Nf3 Nf6 4. g3 Bb4+ 5. Bd2 Be7 6. Bg2 c6 7. O-O O-O 8. Qc2 b6 9. b3 Nbd7 10.
Nc3 Ba6 11. cxd5 cxd5 12. Rfe1 Rc8 13. Qb2 Bd6 14. a4 Bb8 15. b4 Bc4 16. Bf4 Bxf4 17. gxf4 Nh5 18. e3 a6 19. b5 a5 20.
Rac1 Qe7 21. Nd2 Bd3 22. Qb3 Bf5 23. Ne2 Ndf6 24. Ng3 Nxg3 25. hxg3 Rc7 26. Rc6 Rfc8 27. Rec1 Rxc6 28. Rxc6 Rxc6 29.
bxc6 Qc7 30. Qc3 1/2-1/2

[Event "HSG Open 2022 B"]
[Site "Hilversum, Netherlands"]
[Date "2022.06.18"]
[Round "3.2"]
[White "Dekker, Albert"]
[Black "Sanders, Thijmen"]
[Result "1/2-1/2"]
[TimeControl "1:50 + 0.10"]
[WhiteElo "1816"]
[BlackElo "1648"]

1. e4 c6 2. d4 d5 3. e5 Bf5 4. Nf3 e6 5. Be2 c5 6. c3 Nc6 7. O-O Nge7 8. dxc5 Ng6 9. Be3 Ngxe5 10. Nxe5 Nxe5 11. Bd4 Nc6 12. Bb5 Rc8 13. Nd2 Be7 14. g4 Bg6 15. f4 O-O 16. f5 Nxd4 17. cxd4 exf5 18. gxf5 Bxc5 19.
fxg6 Bxd4+ 20. Kh1 hxg6 21. Qb3 a6 22. Bd3 Rc6 23. Rab1 Bb6 24. Nf3 Bc7 25. Qb4 Bb8 26. Qg4 Qc7 27.
Qh4 Qf4 28. Qxf4 Bxf4 29. Nd4 Rf6 30. Nb3 Re8 31. Nc5 g5 32. Rfe1 Rc8 33. Nxb7 Rh6 34. Re2 g6 35. Na5 Kg7 36.
Nb3 Rch8 37. Rf1 Bxh2 38. Kg2 Rh4 39. Rh1 Rg4+ 40. Kf1 Rf4+ 41. Rf2 Rxf2+ 42. Kxf2 Bg3+ 43. Kg2 Rxh1 44. Kxh1 Be5 45.
Bxa6 Bxb2 46. Bb7 d4 47. a4 Bc3 48. a5 Bxa5 49. Nxa5 Kf6 50. Kg2 1/2-1/2

[ePGN "0.1;DGT LiveChess/2.2.5"]

[Event "HSG Open 2022 B"]
[Site "Hilversum, Netherlands"]
[Date "2022.06.18"]
[Round "4.1"]
[White "Nijhuis, Daniel"]
[Black "Feng, Elysia"]
[Result "1-0"]
[TimeControl "1:50 + 0.10"]
[WhiteElo "1596"]
[BlackElo "1479"]

1. e4 e5 2. Nf3 Nc6 3. Bb5 a6 4.
Ba4 b5 5. Bb3 Nf6 6. O-O Be7 7. Re1 O-O 8. h3 Re8 9. c3 Bf8 10. d4 d6 11. d5 Na5 12. Bc2 Nc4 13. a4 Bd7 14. Nbd2 Nb6 15. a5 Nc8 16.
Nf1 c6 17. Ng3 cxd5 18. exd5 Ne7 19. Bg5 Nfxd5 20. Bxe7 Nxe7 21. Bxh7+ Kh8 22. Ng5 Ng8 23. Bxg8 Qxg5 24. Bxf7 Rec8 25.
Ne4 Qh6 26. Qf3 Bc6 27. Qg3 Be7 28. Rad1 Rf8 29. Bd5 Bxd5 30. Rxd5 Rf4 31. Qd3 Raf8 32. Nxd6 Rxf2 33. Ne4 Bh4 34.
Rd1 R2f4 35. Rxe5 Qg6 36. Ng5 Rf1+ 37. Rxf1 Rxf1+ 38. Qxf1 Bxg5 39. Qf8+ Kh7 40. Qf5 Be3+ 41. Kh1 Bc1 42.
Qxg6+ Kxg6 43. Re6+ Kf5 44. Rxa6 Bxb2 45. Rb6 Bxc3 46. Rxb5+ 1-0

[Event "HSG Open 2022 B"]
[Site "Hilversum, Netherlands"]
[Date "2022.06.18"]
[Round "4.2"]
[White "Kazarjan, Gachatur"]
[Black "Harten, Bram van"]
[Result "0-1"]
[TimeControl "1:50 + 0.10"]
[WhiteElo "1548"]
[BlackElo "1870"]

1. e4 c5 2. Nf3 g6 3. d4 cxd4 4.
Nxd4 Bg7 5. Nc3 Nc6 6. Be3 Nf6 7. f3 O-O 8. Bc4 Qb6 9. a3 Nxe4 10. fxe4 Bxd4 11. Bxd4 Nxd4 12. Nd5 Qc5 13.
Qd3 b5 14. O-O-O Nxc2 15. Kxc2 bxc4 16. Qd4 Qd6 17. Rhf1 f6 18. Qc3 Qe6 19. Rde1 Rb8 20. Qd4 Bb7 21. Qc5 d6 22. Qxa7 Qe5 23.
Nc3 Ba8 24. Re2 Rb7 25. Qa4 Rfb8 26. Kc1 Qc5 27. Rd1 Ra7 28. Qc2 Rxa3 29. bxa3 Qxa3+ 30. Kd2 Rb2 31. Ke1 Rxc2 32. Rxc2 Bc6 33.
Rb1 Qc5 34. Re2 Qg1+ 35. Kd2 Qxh2 36. Rb4 Qf4+ 37. Kc2 Bd7 38. Nd5 Qf1 39. Kd2 Kf7 40. Rb2 Bg4 41. Re3 Be6 42. Rb7 Bxd5 43.
exd5 Qxg2+ 44. Re2 Qxd5+ 0-1

[ePGN "0.1;DGT LiveChess/2.2.5"]

[Event "HSG Open 2022 B"]
[Site "Hilversum, Netherlands"]
[Date "2022.06.19"]
[Round "5.1"]
[White "Dekker, Albert"]
[Black "Nijhuis, Daniel"]
[Result "1/2-1/2"]
[TimeControl "1:50 + 0.10"]
[WhiteElo "1816"]
[BlackElo "1596"]

1. e4 c5 2. Nf3 Nc6 3. d4 cxd4 4. Nxd4 g6 5. Be3 Bg7 6. Nc3 Nf6 7. Bc4 O-O 8. f3 Qb6 9. Bb3 Nxe4 10.
Nd5 Qa5+ 11. c3 Nc5 12. Bc4 Qd8 13. Nxc6 bxc6 14. Bxc5 cxd5 15. Bxd5 Rb8 16. Bb3 a5 17. Bd4 Bh6 18.
Qe2 e5 19. Bc5 Re8 20. O-O Qc7 21. Ba3 a4 22. Qc4 Qa7+ 23. Bc5 Be3+ 24. Kh1 d5 25. Bxa7 dxc4 26. Bxb8 cxb3 27. Rfe1 a3 28.
axb3 axb2 29. Rab1 Bc1 30. Ba7 Be6 31. Rexc1 bxc1=Q+ 32. Rxc1 Bxb3 33. c4 e4 1/2-1/2

[Event "HSG Open 2022 B"]
[Site "Hilversum, Netherlands"]
[Date "2022.06.19"]
[Round "5.2"]
[White "Lukacs, Mirko"]
[Black "Harten, Bram van"]
[Result "0-1"]
[TimeControl "1:50 + 0.10"]
[WhiteElo "1751"]
[BlackElo "1870"]

1. e4 c5 2. Nf3 g6 3. d4 cxd4 4. Nxd4 Bg7 5. Be3 Nf6 6. Nd2 Nc6 7. c3 O-O 8. Bd3 d5 9. Nxc6 bxc6 10.
f3 Qc7 11. O-O Rd8 12. Qc2 e5 13. Rad1 Be6 14. b3 a5 15. Rf2 Nd7 16. Nf1 d4 17. cxd4 exd4 18. Bc1 Ne5 19. f4 Nxd3 20.
Qxd3 f5 21. e5 Bf8 22. Nd2 a4 23. Nc4 axb3 24. axb3 c5 25. h4 h5 26. Qg3 Kg7 27. Qd3 Be7 28. g3 Rdb8 29. Nd2 Qb7 30.
Nc4 Qxb3 31. Nd6 Ra1 32. Rfd2 Qxd3 33. Rxd3 Rbb1 34. Ne8+ Kf7 35. Nd6+ Bxd6 36. exd6 Rxc1 37. Rxc1 Rxc1+ 38. Kf2 Rc3 39. Rd2 Bd5 40. Rb2 Ke6 41. Rb6 Kd7 0-1

[ePGN "0.1;DGT LiveChess/2.2.5"]

[Event "HSG Open 2022 B"]
[Site "Hilversum, Netherlands"]
[Date "2022.06.19"]
[Round "6.1"]
[White "Nijhuis, Daniel"]
[Black "Blom, Rens"]
[Result "1-0"]
[TimeControl "1:50 + 0.10"]
[WhiteElo "1596"]
[BlackElo "1735"]

1. e4 d6 2. d4 Nf6 3. Nc3 g6 4. f4 Bg7 5. Nf3 c5 6. dxc5 Qa5 7. Bd3 Qxc5 8. Qe2 O-O 9. Be3 Qa5 10.
O-O Bg4 11. h3 Bxf3 12. Rxf3 Nc6 13. a3 Rac8 14. Bc4 a6 15. Bb3 b5 16. Raf1 Nd7 17. Bf2 Nc5 18. Ba2 b4 19. axb4 Qxb4 20.
Bd5 Nd4 21. Bxd4 Bxd4+ 22. Kh1 Qxb2 23. Rb1 Qa3 24. Nb5 Qa4 25. Ra3 axb5 26. Rxa4 bxa4 27. f5 e6 28. Qc4 exd5 29. Qxd4 Nxe4 30.
fxg6 hxg6 31. Ra1 Nc3 32. Qf6 Rfe8 33. Rf1 Rc7 34. Qxd6 Ree7 35. Rf4 Re1+ 36. Kh2 Rce7 37. Qd8+ Kg7 38.
Rh4 Re8 39. Qc7 R1e3 40. Rf4 R8e7 41. Qc5 R7e5 42. Qb6 Re6 43. Qd4+ f6 44. Qa7+ Re7 45. Qb6 R3e6 46. Qc5 Ne4 47.
Qxd5 g5 48. Rf3 Re5 49. Qd4 Nc5 50. h4 Re8 51. hxg5 Rh8+ 52. Kg1 Rhe8 53. gxf6+ Kf7 54. Rf1 a3 55. Qc3 R8e6 56. Qxa3 Rxf6 57.
Qa2+ Ne6 58. Rxf6+ Kxf6 59. c4 Rg5 60. Qb2+ Kf7 61. Kf2 Nf4 62. Qb7+ Kf6 63. Qc6+ Ne6 64. Qd6 Rf5+ 65. Ke3 Rg5 66.
g3 Re5+ 67. Kd3 Rc5 68. g4 Rg5 69. Qg3 Ke7 70. Qh4 Kd6 71. Kc3 Kc6 72. Kb4 Rc5 73. Qf6 Kd6 74. Qh6 Rg5 75. Qh2+ Kc6 76.
Qg2+ Kd6 77. Qd2+ Kc6 78. Qd3 Rc5 79. Qe3 Kd6 80. Qe4 Re5 81. Qd3+ Kc6 82. Qf3+ Kd6 83. Qg3 Nd4 84. Qd3 Ke6 85.
Qxd4 Rg5 86. Qe4+ Kf6 87. Qf4+ Kg6 88. Qxg5+ 1-0

[Event "HSG Open 2022 B"]
[Site "Hilversum, Netherlands"]
[Date "2022.06.19"]
[Round "6.2"]
[White "Harten, Bram van"]
[Black "Wijono, Santoso"]
[Result "1/2-1/2"]
[TimeControl "1:50 + 0.10"]
[WhiteElo "1870"]
[BlackElo "1789"]

1. d4 Nf6 2. c4 e6 3. Nf3 b6 4. g3 Bb7 5. Bg2 Be7 6. O-O O-O 7. Nc3 d5 8. cxd5 exd5 9. Bf4 Nh5 10.
Bd2 Nd7 11. Rc1 Nhf6 12. Bf4 Nh5 13. Bd2 a6 14. Qb3 Nhf6 15. Bf4 Rc8 16. Bh3 c5 17. dxc5 Nxc5 18. Qd1 Ne6 19. Be3 Bc5 20.
Nd4 Re8 21. Na4 Bxd4 22. Rxc8 Bxc8 23. Bxe6 Bxe3 24. Bxc8 Qxc8 25. fxe3 Qh3 26. Rxf6 gxf6 27. Nxb6 Qe6 28. Nxd5 Rd8 29.
e4 Kg7 30. Qd4 Qe5 31. Qxe5 fxe5 32. Kf2 h5 33. h4 Rc8 34. b4 Rc2 35. a4 f6 36. Kf3 Rd2 37. Nc7 a5 38. bxa5 Ra2 39.
a6 Rxa4 40. Kf2 Kf7 41. Kf3 Ke7 42. Nd5+ Ke6 43. e3 f5 44. Nc3 Rxa6 45. exf5+ Kxf5 46. e4+ Ke6 47. Nd5 Ra3+ 48. Ne3 Kd6 49.
Kf2 Kc5 50. Nd5 Ra6 51. Kf3 Rg6 52. Ne7 Rg4 53. Nf5 Kb4 54. Nh6 Rg7 55. Nf5 Rg8 56. Ke3 Kc3 57. Ke2 Rg6 58. Ke3 Rg4 59.
Kf3 Kd3 60. Nd6 Rg6 61. Nf5 Rf6 62. g4 hxg4 63. Kxg4 Kxe4 64. Ng3+ Kd3 65. Kg5 Rf3 66. Nf5 Ke4 67. Nd6+ Kd5 68.
Nf5 Ke6 69. Ng7+ Kf7 70. Nf5 Kf8 71. Kg4 Rf2 72. h5 Kf7 73. Ne3 e4 74. Nc4 Kg7 75. Kg3 Rf8 76. Kg4 Kh6 77. Ne3 Rf3 78.
Nc4 Rf6 79. Ne3 Rf2 80. Nc4 Re2 81. Nd6 e3 82. Nf5+ Kh7 83. Kf3 Rh2 84. Kxe3 Rxh5 85. Ke4 1/2-1/2